 Dungeon Crawl Stone Soup version 0.22.1-2-g9c5b331383 (webtiles) character file.

49 McIrco the Sneak (level 3, -1/27 HPs)
             Began as a Vampire Assassin on Jan 6, 2019.
             Slain by a gnoll
             ... wielding a +0 spear
              (8 damage)
             ... on level 2 of the Dungeon.
             The game lasted 00:03:22 (5286 turns).

McIrco the Sneak (Vampire Assassin)                 Turns: 5286, Time: 00:03:23

Health: -1/27      AC:  4    Str: 10    XL:     3   Next: 51%
Magic:  1/3        EV: 13    Int: 13    God:
Gold:   40         SH:  0    Dex: 16    Spells: 2/2 levels left

rFire    . . .     SeeInvis +   b - +0 blowgun
rCold    + + .     Gourm    .   (no shield)
rNeg     + + +     Faith    .   c - +0 robe
rPois    ∞         Spirit   .   (no helmet)
rElec    .         Reflect  .   d - +0 cloak
rCorr    .         Harm     .   (no gloves)
MR       .....                  l - +0 pair of boots
Stlth    +++++.....             (no amulet)
HPRegen  0.00/turn              (no ring)
MPRegen  0.08/turn              (no ring)

@: bloodless, non-regenerating
A: fangs 3, see invisible, unbreathing
a: Bat Form


You were on level 2 of the Dungeon.
You were bloodless.

You visited 1 branch of the dungeon, and saw 2 of its levels.

You collected 40 gold pieces.

Inventory:

Hand Weapons
 a - a +2 dagger
 b - a +0 blowgun (weapon)
Missiles
 e - 5 poisoned needles (quivered)
Armour
 c - a +0 robe (worn)
 d - a +0 cloak (worn)
 l - a +0 pair of boots (worn)
Scrolls
 h - a scroll of identify {unknown}
 i - a scroll of remove curse {unknown}
 k - a scroll of immolation {unknown}
 m - a scroll of enchant weapon {unknown}
 o - a scroll of random uselessness {unknown}
Potions
 g - 10 potions of blood
 j - a potion of might {unknown}
 n - a potion of ambrosia {unknown}


   Skills:
 - Level 2.0 Fighting
 - Level 3.0 Short Blades
 - Level 2.0 Throwing
 + Level 2.4 Dodging
 - Level 6.0 Stealth


You had 2 spell levels left.
You didn't know any spells.
Your spell library was empty.

Dungeon Overview and Level Annotations

Branches:
Dungeon (2/15)

Altars:


Innate Abilities, Weirdness & Mutations

You do not heal naturally.
You are immune to poison.
You have razor-sharp teeth.
You have supernaturally acute eyesight. (SInv)
You can survive without breathing.


Message History

Fire/throw which item? (* to show all) (? for menu, Esc to quit)
Press: ? - help, Shift-Dir - straight line, f - gnoll
Aim: a gnoll, wielding a spear You shoot a curare-tipped needle.
The curare-tipped needle hits the gnoll.
The gnoll is poisoned.
The gnoll convulses.
The gnoll seems to slow down.
The gnoll is moderately wounded.
Firing (i - inventory)
e - 7 poisoned needles (quivered)
Press: ? - help, Shift-Dir - straight line, f/p - gnoll
Aim: a gnoll, wielding a spear (moderately wounded, slow, poisoned)
You shoot a poisoned needle. The poisoned needle hits the gnoll.
The gnoll looks even sicker.
The gnoll is moderately wounded.
Firing (i - inventory)
e - 6 poisoned needles (quivered)
Press: ? - help, Shift-Dir - straight line, f/p - gnoll
Aim: a gnoll, wielding a spear (moderately wounded, slow, poisoned)
You shoot a poisoned needle.
The poisoned needle barely misses the gnoll.
The gnoll hits you from afar with a spear!
You die...

#...........#
#...........#
#...........#
####..###...#####.
#...............
#...)#############
##...)...........#
#..)#######.....#
#.....#<@..g..#.....#
#.....#.........#####
#.....#.##g......#
##### #.##.((....#
#.##...†...#
#.##.......# .
#.##.......# .. #.
#.....(.######..
.##...............


You could see 2 gnolls.

Vanquished Creatures
  A gnoll (D:2)
  2 leopard geckos
  4 bats
  A giant cockroach (D:1)
  8 goblins
  5 hobgoblins
  A quokka (D:2)
  A frilled lizard (D:1)
  9 kobolds
  3 rats
35 creatures vanquished.

Notes
Turn   | Place    | Note
-------+----------+-------------------------------------------
     0 | D:1      | McIrco the Vampire Assassin began the quest for the Orb.
     0 | D:1      | Reached XP level 1. HP: 16/16 MP: 1/1
  2891 | D:1      | Reached skill level 6 in Stealth
  2904 | D:1      | Reached XP level 2. HP: 11/22 MP: 2/2
  4692 | D:2      | Reached XP level 3. HP: 22/27 MP: 3/3
  4718 | D:2      | HP: 1/27 [quokka (5)]
  5286 | D:2      | Slain by a gnoll

Skill      XL: |  1  2  3 |
---------------+----------+-----
Fighting       | 2 |  2.0
Stealth        | 6 |  6.0
Short Blades   | 3 |  3.0
Dodging        | 2 |  2.4
Throwing       | 2 |  2.0

Action                   || total
-------------------------++-------
Melee: Dagger            ||    98
       Bite              ||     5
 Fire: Blowgun           ||     7
 Abil: End Transformatio ||     2
       Bat Form          ||     2
  Use: Potion            ||     3
 Stab: Sleeping          ||     9
Armor: Robe              ||    20
Dodge: Dodged            ||    70
